 Dungeon Crawl Stone Soup version 0.27.0-1-g7a08968 (webtiles) character file.

Game seed: 7225472768035521803

282 DreamSheep the Chopper (level 6, 0/47 HPs)
             Began as a Formicid Gladiator on Aug 15, 2021.
             Was an Initiate of Fedhas.
             Slain by a bullfrog (6 damage)
             ... on level 6 of the Dungeon.
             The game lasted 00:06:20 (3407 turns).

DreamSheep the Chopper (Formicid Gladiator)         Turns: 3407, Time: 00:06:20

Health: 0/47       AC: 12    Str: 18    XL:     6   Next: 53%
Magic:  6/6        EV:  6    Int:  8    God:    Fedhas [......]
Gold:   204        SH:  0    Dex: 14    Spells: 5/5 levels left

rFire    . . .     SeeInvis +   a - +0 war axe
rCold    + . .     Faith    .   (no shield)
rNeg     . . .     Spirit   .   p - +0 plate armour
rPois    .         Reflect  .   (helmet unavailable)
rElec    .         Harm     .   (no cloak)
rCorr    .         Rampage  .   g - +1 pair of gloves
Will     .....                  (no boots)
Stlth    ..........             (no amulet)
HPRegen  0.15/turn              o - ring of protection from cold
MPRegen  0.10/turn              (no ring)

@: no status effects
A: permanent stasis, dig shafts and tunnels, antennae 3, four strong arms
a: Dig, Shaft Self, Renounce Religion


You were on level 6 of the Dungeon.
You worshipped Fedhas.
Fedhas was noncommittal.
You visited 1 branch of the dungeon, and saw 6 of its levels.

You collected 204 gold pieces.

Inventory:

Hand Weapons
 a - a +0 war axe (weapon)
Missiles
 c - 3 throwing nets (quivered)
Armour
 b - a +0 leather armour
 g - a +1 pair of gloves (worn)
 p - a +0 plate armour (worn)
Jewellery
 j - an amulet of magic regeneration
 o - a ring of protection from cold (left hand)
 s - an amulet of faith
 v - an amulet of guardian spirit
Scrolls
 d - a scroll of enchant armour {unknown}
 e - 2 scrolls of enchant weapon {unknown}
 f - a scroll of fog {unknown}
 i - 3 scrolls of teleportation {unknown}
 l - 2 scrolls of identify {unknown}
 m - a scroll of torment {unknown}
 q - a scroll of fear {unknown}
 r - a scroll of blinking {unknown}
 t - a scroll of brand weapon {unknown}
Potions
 h - 2 potions of curing {unknown}
 k - a potion of heal wounds {unknown}
 n - a potion of lignification {unknown}
 u - a potion of haste {unknown}


   Skills:
 + Level 3.4 Fighting
 + Level 5.5 Axes
 + Level 2.1 Throwing
 + Level 2.0 Armour
 + Level 3.1 Dodging
 + Level 1.4 Stealth


You had 5 spell levels left.
You didn't know any spells.
Your spell library was empty.

Dungeon Overview and Level Annotations

Branches:
Dungeon (7/15)
 Temple: D:4-7

Altars:
Fedhas
Trog
Xom

Shops:
D:1 **[!*

Annotations:
D:4 Pikel
D:7 2 transporters, marwff's ghost, novice DjFE


Innate Abilities, Weirdness & Mutations

You cannot be hasted, slowed, berserked, paralysed or teleported.
You can dig through walls and to a lower floor.
You have a pair of large antennae on your head. (SInv)
Your four strong arms can wield two-handed weapons with a shield.


Message History

The bullfrog hits you.
* * * LOW HITPOINT WARNING * * *
There are monsters nearby!
You closely miss the bullfrog. The bullfrog barely misses you.
The bullfrog hits you!
* * * LOW HITPOINT WARNING * * *
Marwff's ghost whispers, "The ORB doesn't exist."
The bullfrog hits you but does no damage.
The bullfrog hits you.
* * * LOW HITPOINT WARNING * * *
The bullfrog hits you but does no damage.
The bullfrog hits you but does no damage.
Found a hand axe.
The bullfrog hits you but does no damage.
There is a transporter here.
The bullfrog releases a deep croak.
The bullfrog barely misses you.
You see here a +0 falchion.
The bullfrog hits you but does no damage.
The bullfrog hits you but does no damage.
The bullfrog hits you but does no damage.
There is a stone staircase leading up here.
The bullfrog hits you but does no damage. x2
You climb upwards.
You hear the sound of rushing water.
There is an entrance to a sewer on this level.
Hurry and find it before the portal rusts away!
The orc shouts! x2
A sky beast comes into view.
Found 27 gold pieces.
There is a stone staircase leading down here.
The bullfrog hits you but does no damage.
An orc warrior comes into view.
It is wielding a +2 scimitar of holy wrath.
The bullfrog hits you but does no damage.
The bullfrog completely misses you.
The sky beast flickers out of sight for a moment.
A white imp comes into view.
The white imp shouts!
The bullfrog hits you.
You die...
Fedhas appreciates your contribution to the ecosystem.

..5 ....
#...
#..#
#..#
##..#
##..#
##.@#
##.F##
#..##
##$Y#
##..##
##.o.#
#...>#
#.....#
#......#


You could see a sky beast (invisible), a bullfrog, a white imp and an orc.

Vanquished Creatures
  An ogre (D:7)
  A scorpion (D:4)
  A hound (D:7)
  4 adders
  A worm (D:2)
  2 dart slugs
  6 orcs (D:3)
  6 ball pythons
  7 bats
  4 endoplasms
  4 giant cockroaches
  7 goblins
  5 hobgoblins
  2 jackals (D:1)
  2 quokkas
  2 frilled lizards
  5 kobolds
  A rat (D:3)
61 creatures vanquished.

Notes
Turn   | Place    | Note
-------+----------+-------------------------------------------
     0 | D:1      | DreamSheep the Formicid Gladiator began the quest for the
                  | Orb.
     0 | D:1      | Reached XP level 1. HP: 16/16 MP: 1/1
   152 | D:1      | Reached XP level 2. HP: 23/23 MP: 2/2
   250 | D:1      | Found Boyrepp's Assorted Antiques.
   393 | D:1      | Found Seog's Distillery.
   595 | D:1      | Found Woen Faa's General Store.
   769 | D:1      | Reached XP level 3. HP: 28/28 MP: 3/3
   924 | D:1      | Found Mitec's Armour Shoppe.
   926 | D:1      | Found Jougacs's General Store.
  1383 | D:2      | Reached XP level 4. HP: 13/34 MP: 4/4
  1640 | D:2      | Reached skill level 4 in Axes
  1854 | D:3      | Reached skill level 1 in Armour
  2059 | D:3      | Found a shimmering altar of Xom.
  2164 | D:3      | Reached skill level 1 in Stealth
  2164 | D:3      | Reached XP level 5. HP: 40/40 MP: 5/5
  2437 | D:3      | Found a blossoming altar of Fedhas.
  2455 | D:3      | Noticed an oklob plant
  2462 | D:3      | Became a worshipper of Fedhas Madash
  2795 | D:4      | Noticed a lemure
  2795 | D:4      | Noticed a lemure
  2796 | D:4      | Noticed Pikel
  2796 | D:4      | Noticed a lemure
  2797 | D:4      | Noticed a lemure
  2806 | D:4      | HP: 2/41 [lemure[Pikel] (1)]
  2808 | D:4      | You fall into a shaft and drop 3 floors!
  3111 | D:7      | Noticed an ogre
  3116 | D:7      | Reached skill level 5 in Axes
  3116 | D:7      | Reached XP level 6. HP: 44/47 MP: 6/6
  3121 | D:7      | Killed an ogre
  3348 | D:7      | Found a transporter.
  3351 | D:7      | Noticed an orc warrior
  3351 | D:7      | Noticed a moth of wrath
  3352 | D:7      | Noticed an orc warrior
  3353 | D:7      | Found a bloodstained altar of Trog.
  3353 | D:7      | Noticed marwff's ghost (novice DjFE)
  3354 | D:7      | Noticed a two-headed ogre
  3356 | D:7      | Noticed an ogre
  3365 | D:7      | Noticed an orc warrior
  3368 | D:7      | Noticed an orc warrior
  3375 | D:7      | Found a transporter.
  3384 | D:7      | HP: 2/47 [bullfrog (2)]
  3401 | D:6      | Noticed a sky beast
  3403 | D:6      | Noticed an orc warrior
  3407 | D:6      | Slain by a bullfrog

Illustrated notes

Levels and vault maps discovered:
D:1:      heliophobic_arrival_dark_side_of_the_moon, layout_basic, serial_glass,
          glass_columns_a, glass_columns_b, serial_shops, shop,
          nicolae_shop_temple_entry_statues_fountains, shop, shop,
          nicolae_shop_stone, minmay_vboxes
D:2:      layout_basic, serial_shops, shop, shop, basic_ecumenical_altar,
          minivault_27, minmay_misc_feat_four_crosses, serial_park_tiny_2
D:3:      layout_basic, mainiacjoe_overflow_surrounded_room, tgw_fedhas,
          minmay_pentomino_pile
D:4:      layout_basic, uniq_pikel
D:6:      layout_layer_cave, minmay_temple_entry_statues,
          cheibrodos_sewer_entry_sluice
D:7:      layout_rooms, nemelex_diamond_rough_becter,
          gammafunk_ghost_wrathful_warriors

Skill      XL: |  1  2  3  4  5  6 |
---------------+-------------------+-----
Dodging        | 3 |  3.1
Axes           | 4 5 |  5.5
Armour         | 1 2 |  2.0
Stealth        | 1 |  1.4
Fighting       | 3 |  3.4
Throwing       | |  2.1

Action                   |  1- 3 |  4- 6 || total
-------------------------+-------+-------++-------
Melee: War axe           |    72 |   109 ||   181
 Abil: Shaft Self        |       |     1 ||     1
 Stab: Sleeping          |     1 |     2 ||     3
Armor: Leather armour    |    14 |    24 ||    38
       Plate armour      |       |    62 ||    62
Dodge: Dodged            |    61 |    54 ||   115
